 Dungeon Crawl Stone Soup version 0.21-a0-460-g737a915 (webtiles) character file.

3537 4thArraOfDagon the Martial Artist (level 9, -10/59 HPs)
             Began as a Demonspawn Hunter on Nov 20, 2017.
             Was a Priest of Hepliaklqana.
             Mangled by Joseph
             ... wielding a +0 quarterstaff
              (17 damage)
             ... on level 7 of the Dungeon.
             The game lasted 00:20:37 (3915 turns).

4thArraOfDagon the Martial Artist (DsHu)            Turns: 3915, Time: 00:20:38

Health: -10/59     AC:  5    Str: 13      XL:     9   Next: 82%
Magic:  0/14       EV: 16    Int: 19 (20) God:    Hepliaklqana [***...]
Gold:   655        SH:  0    Dex: 16      Spells: 8/8 levels left

rFire    . . .     SeeInvis .     - Unarmed
rCold    . . .     Gourm    .   (no shield)
rNeg     . . .     Faith    .   b - +0 leather armour
rPois    +         Spirit   +   (helmet restricted)
rElec    .         Reflect  .   (no cloak)
rCorr    .         Harm     .   y - +0 pair of gloves
MR       .....                  v - +0 pair of boots
Stlth    +++.......             A - amulet of regeneration
HPRegen  0.59/turn              G - ring of poison resistance
MPRegen  0.14/turn              p - ring "Sisomu" {Int+4 Dex+3 Stlth+}

@: berserk cooldown, slowed, very slow
A: reduced essence, antennae 1, repulsion field 1, magic shield
a: Recall Ancestor, Ancestor Identity, Transference, Renounce Religion


You were on level 7 of the Dungeon.
You worshipped Hepliaklqana.
Hepliaklqana was most pleased with you.
You were not hungry.

You visited 1 branch of the dungeon, and saw 8 of its levels.
You also visited: Sewer.

You collected 655 gold pieces.

Inventory:

Hand Weapons
 d - a +0 scythe
Missiles
 D - 3 javelins (quivered)
 E - a throwing net
Armour
 b - a +0 leather armour (worn)
 i - a cursed +0 helmet
 v - a +0 pair of boots (worn)
 y - a +0 pair of gloves (worn)
Magical Staves
 J - an uncursed staff of death {unknown}
Jewellery
 h - an uncursed ring of protection from cold
 p - the ring "Sisomu" (right hand) {Int+4 Dex+3 Stlth+}
   (You took it off a centaur on level 6 of the Dungeon)

   [ring of stealth]

   It affects your intelligence (+4).
   It affects your dexterity (+3).
   It makes you more stealthy.
 A - an amulet of regeneration (around neck)
 G - a ring of poison resistance (left hand)
Wands
 F - a wand of paralysis (10)
 I - a wand of lightning (16)
Scrolls
 a - 3 scrolls of fog {unknown}
 e - 4 scrolls of remove curse {unknown}
 g - 9 scrolls of identify {unknown}
 j - 2 scrolls of teleportation {unknown}
 q - 2 scrolls of enchant weapon {unknown}
 r - a scroll of noise {unknown}
 s - 2 scrolls of immolation {unknown}
Potions
 k - a potion of magic
 m - 2 potions of haste {unknown}
 n - 2 potions of agility {unknown}
 o - a potion of brilliance {unknown}
 t - 3 potions of invisibility {unknown}
 z - a potion of resistance {unknown}
 B - 2 potions of curing {unknown}
 C - a potion of might
Books
 w - a book of Battle

   Spells                             Type                      Level
   a - Infusion                       Charms                       1
   b - Shroud of Golubria             Charms/Translocation         2
   c - Song of Slaying                Charms                       2
   d - Spectral Weapon                Hexes/Charms                 3
   e - Regeneration                   Charms/Necromancy            3
Comestibles
 c - 2 royal jellies
 f - 2 bread rations
 x - 2 meat rations


   Skills:
 + Level 4.5 Fighting
 - Level 5.1 Throwing
 + Level 4.1 Dodging
 - Level 0.8 Stealth
 * Level 9.7 Unarmed Combat
 + Level 7.4 Invocations


You had 8 spell levels left.
You didn't know any spells.

Dungeon Overview and Level Annotations

Branches:
Dungeon (8/15)             Temple (0/1) D:4
   Lair: D:8-11

Altars:
Dithmenos
Fedhas
Hepliaklqana
Kikubaaqudgha
Qazlal
Ru
Trog
Xom

Shops:
D:8 :

Annotations:
D:7 Joseph


Innate Abilities, Weirdness & Mutations

You have a pair of small antennae on your head.
You are surrounded by a mild repulsion field. (EV +2)
When hurt, damage is shared between your health and your magic reserves.
Your life essence is reduced to manifest your ancestor. (-10% HP)


Message History

Xochipepe hits Joseph with a flail.
Unknown command.
Unknown command.
You are no longer berserk.
You are exhausted.
You feel yourself slow down.
Unknown command.
Unknown command.
Unknown command.
Okay, then.
Okay, then.
Okay, then.
Unknown command.
Unknown command.
Evoke which item? (* to show all) (? for menu, Esc to quit)
Aiming: Paralyse (will waste charges)
Press: ? - help, Shift-Dir - straight line, f - Joseph
Aim: Joseph, wielding a quarterstaff and wearing a ring mail (severely wounded, berserk, fast, unusually strong, chance to defeat MR: 28%) Joseph easily resists.
Joseph hits you with a quarterstaff!!
You die...

###
#...###.#.#
+...'.# #.#
#...#.# .#
#...#.# .#
........#.#
.#
#######...#.#
#.>....##.#.#
#.####(##.#.#
#. #..@...#
#. ##.@...#
#. #.#...# #.
#.#.R.# #.
#.#.#.# #.
#.#.#.#
#.#...#
#.##### #.


You could see the friendly Xochipepe the knight and Joseph (berserk).

Vanquished Creatures
  Sigmund (D:5)
  An orc warrior (D:7)
  2 ice beasts (D:6)
  A phantom (D:6)
  4 ogres
  6 centaurs
  A big kobold (D:7)
  A bullfrog (D:6)
  A scorpion (D:5)
  3 wights (D:6)
  A howler monkey (D:4)
  A crimson imp (D:6)
  A bullfrog skeleton (D:5)
  2 orc wizards (D:6)
  An orc priest (D:5)
  3 hounds
  4 worker ants
  A worker ant zombie (D:5)
  A howler monkey zombie (D:5)
  A howler monkey skeleton (D:6)
  11 adders
  A gnoll (D:6)
  2 shadow imps (D:5)
  2 oozes (D:2)
  3 worms
  A leopard gecko (D:6)
  15 orcs
  6 giant cockroaches
  11 hobgoblins
  6 jackals
  4 kobolds
  2 quokkas
  3 ball pythons (D:2)
  12 bats
  4 frilled lizards
  5 goblins
  A jackal zombie (D:8)
  3 leopard gecko skeletons
  A quokka zombie (D:5)
  3 rats
  2 fungi (D:7)
135 creatures vanquished.

Vanquished Creatures (collateral kills)
  Grinder (D:5)
  A hippogriff (D:8)
  An orc warrior (D:6)
  An ogre (D:8)
  2 centaurs (D:5)
  3 bullfrogs (D:6)
  A wyvern zombie (D:8)
  A water moccasin zombie (D:6)
  2 wights (D:6)
  A crimson imp (D:8)
  A jelly (D:5)
  A hound (D:7)
  An orc wizard (D:5)
  A hound skeleton (D:5)
  An adder (D:7)
  An adder zombie (D:5)
  2 worms
  A leopard gecko (D:5)
  7 orcs
  2 frilled lizards (D:2)
  A goblin (D:3)
  A quokka zombie (D:7)
34 creatures vanquished.

Vanquished Creatures (others)
  4 ancestors
4 creatures vanquished.

Grand Total: 173 creatures vanquished

Notes
Turn   | Place    | Note
-------+----------+-------------------------------------------
     0 | D:1      | 4thArraOfDagon the Demonspawn Hunter began the quest for the Orb.
     0 | D:1      | Reached XP level 1. HP: 16/16 MP: 1/1
   229 | D:1      | Gained mutation: When hurt, damage is shared between your health and your magic reserves. [demonic ancestry]
   229 | D:1      | Reached XP level 2. HP: 21/22 MP: 2/2
   330 | D:2      | Found a sacrificial altar of Ru.
   334 | D:2      | Became a worshipper of Ru the Awakened
   352 | D:2      | Reached XP level 3. HP: 27/27 MP: 3/3
   476 | D:4      | Found a sacrificial altar of Ru.
   527 | D:4      | Reached skill level 5 in Throwing
   546 | D:4      | Reached XP level 4. HP: 31/33 MP: 4/4
   583 | D:4      | Found a glowing drain.
   595 | Sewer    | Entered a sewer
   681 | D:5      | Entered Level 5 of the Dungeon
   698 | D:5      | Found a hazy altar of Hepliaklqana.
   704 | D:5      | Fell from the grace of Ru
   704 | D:5      | Became a worshipper of Hepliaklqana the Forgotten
   709 | D:5      | Noticed an ogre
   748 | D:5      | Killed an ogre
   748 | D:5      | Reached skill level 2 in Unarmed Combat
   748 | D:5      | Gained mutation: You are surrounded by a mild repulsion field. (EV +2) [demonic ancestry]
   748 | D:5      | Reached XP level 5. HP: 29/34 MP: 1/6
   801 | D:5      | Noticed Sigmund
   821 | D:5      | Killed Sigmund
   821 | D:5      | Reached skill level 3 in Unarmed Combat
   821 | D:5      | Reached XP level 6. HP: 20/39 MP: 4/8
  1038 | D:7      | Found a bloodstained altar of Trog.
  1108 | D:7      | Reached skill level 4 in Unarmed Combat
  1145 | D:7      | Reached * piety under Hepliaklqana
  1201 | D:7      | Noticed an orc warrior
  1211 | D:7      | Killed an orc warrior
  1211 | D:7      | Reached XP level 7. HP: 45/45 MP: 10/10
  1374 | D:6      | Reached skill level 5 in Unarmed Combat
  1374 | D:6      | Reached skill level 5 in Invocations
  1428 | D:6      | Reached skill level 6 in Unarmed Combat
  1498 | D:6      | Gained mutation: You have a pair of small antennae on your head. [demonic ancestry]
  1498 | D:6      | Reached XP level 8. HP: 50/50 MP: 11/11
  1540 | D:6      | Reached skill level 7 in Unarmed Combat
  1576 | D:6      | Reached skill level 8 in Unarmed Combat
  1635 | D:6      | Got a translucent silver ring
  1640 | D:6      | Identified the ring "Sisomu" {Int+4 Dex+3 Stlth+} (You took it off a centaur on level 6 of the Dungeon)
  1898 | D:5      | Reached XP level 9. HP: 15/56 MP: 9/13
  1930 | D:5      | Noticed Grinder
  1936 | D:5      | Killed Grinder
  2110 | D:5      | Reached skill level 9 in Unarmed Combat
  2454 | D:4      | Found a staircase to the Ecumenical Temple.
  2754 | D:2      | Found a shimmering altar of Xom.
  2755 | D:2      | Reached ** piety under Hepliaklqana
  2755 | D:2      | Found a shimmering altar of Xom.
  2755 | D:2      | Found a shimmering altar of Xom.
  2755 | D:2      | Found a shimmering altar of Xom.
  2756 | D:2      | Remembered your ancestor Xochipepe as a knight
  2762 | D:2      | Found a shimmering altar of Xom.
  2854 | D:2      | Found a shimmering altar of Xom.
  3549 | D:8      | Found Kaggesana's Book Shop.
  3654 | D:7      | Found a blossoming altar of Fedhas.
  3699 | D:8      | Found a shadowy altar of Dithmenos.
  3740 | D:8      | Found an ancient bone altar of Kikubaaqudgha.
  3762 | D:8      | Found a stormy altar of Qazlal.
  3856 | D:8      | Reached *** piety under Hepliaklqana
  3902 | D:7      | Noticed Joseph
  3906 | D:7      | :O
  3915 | D:7      | Mangled by Joseph

Vault maps used:
D:1:      matt_arrival_diagonals
D:2:      cheibriados_altar_1, marbit_many_paths, makhleb_blood_cavern_becter,
          xom_redecorated
D:3:      first_bread, nemelex_diamond_rough_becter
D:4:      minmay_temple_entry_butterflies, cheibrodos_sewer_entry_sluice,
          hangedman_ru_absence, uniq_pikel
D:5:      lemuel_crystal_altar, serial_curves, eino_curves_01, eino_curves_01,
          eino_curves_03, uniq_sigmund, uniq_grinder
D:6:      cheibrodos_barr_body
D:7:      fedhas_bush_and_centaur_altar, bloody_trog,
          gammafunk_temple_overflow_elements, the_bakery,
          hangedman_abyss_or_decor_jellyfish_corner, minmay_gold_behind_fungi,
          uniq_joseph
D:8:      lemuel_round_altar, overflow_temple_1_default,
          nicolae_qazlal_eye_of_the_storm, serial_shops, shop, uniq_maurice
Sewer:    sewer_co_15_rooms

Skill      XL: |  1  2  3  4  5  6  7  8  9 |
---------------+----------------------------+-----
Throwing       | 4 5 |  5.1
Unarmed Combat | 2 3 4 6 8 9 |  9.7
Invocations    | 2 3 4 5 7 |  7.4
Dodging        | 2 4 |  4.1
Fighting       | 3 4 |  4.5
Stealth        | |  0.8

Action                   |  1- 3 |  4- 6 |  7- 9 || total
-------------------------+-------+-------+-------++-------
Melee: Short sword       |    49 |    36 |       ||    85
       Unarmed           |       |    75 |   421 ||   496
       Punch             |       |     2 |    13 ||    15
Throw: Javelin           |    24 |    15 |    17 ||    56
       Throwing net      |     5 |     1 |       ||     6
Invok: Ancestor Identity |       |     1 |       ||     1
       Ancestor Life: Kn |       |       |     1 ||     1
Evoke: Wand              |       |       |     1 ||     1
  Use: Potion            |       |     6 |     5 ||    11
 Stab: Sleeping          |     1 |       |    14 ||    15
       Distracted        |       |       |     5 ||     5
  Eat: Chunk             |       |     1 |     7 ||     8
       Fruit             |       |       |     3 ||     3
       Royal jelly       |       |       |     1 ||     1
Armor: Leather armour    |    29 |    30 |    57 ||   116
       Skin              |       |    15 |    25 ||    40
Dodge: Dodged            |    57 |    73 |   254 ||   384

Table legend:
 A = Spawn XP
 B = Non-spawn XP
 C = Spawn XP percentage of total XP
 D = Spawn monster count
 E = Non-spawn monster count
 F = Spawn count percentage of total count
 G = Total turns spent on level
                    A         B        C        D         E        F      G
               +---------+---------+-------+---------+---------+-------+---------
         Total |       0 |    5054 |   0.0 |       0 |     167 |   0.0 |  3915
               +---------+---------+-------+---------+---------+-------+---------
           D:1 |       0 |      22 |   0.0 |       0 |      13 |   0.0 |   321
           D:2 |       0 |     151 |   0.0 |       0 |      30 |   0.0 |   431
           D:3 |       0 |      38 |   0.0 |       0 |      17 |   0.0 |   447
           D:4 |       0 |     280 |   0.0 |       0 |      14 |   0.0 |   378
           D:5 |       0 |    1562 |   0.0 |       0 |      33 |   0.0 |   814
           D:6 |       0 |    1923 |   0.0 |       0 |      34 |   0.0 |   729
           D:7 |       0 |     433 |   0.0 |       0 |      14 |   0.0 |   439
           D:8 |       0 |     645 |   0.0 |       0 |      12 |   0.0 |   344
               +---------+---------+-------+---------+---------+-------+---------
